 Dungeon Crawl Stone Soup version 0.31.0-11-ge490571c62 (webtiles) character file.

Game seed: 15076273192234449049

456 bearlyready the Sneak (level 7, -1/43 HPs)
             Began as an Octopode Shapeshifter on Feb 4, 2024.
             Was an Initiate of Gozag.
             Slain by a gnoll sergeant
             ... wielding a +0 spear
              (14 damage)
             ... on level 5 of the Dungeon.
             The game lasted 00:08:06 (3627 turns).

bearlyready the Sneak (Octopode Shapeshifter)       Turns: 3627, Time: 00:08:07

Health: -1/43      AC:  1    Str: 13 (15) XL:     7   Next: 6%
Magic:  7/7        EV: 13    Int: 10 (12) God:    Gozag
Gold:   295        SH:  0    Dex: 12      Spells: 6/6 levels left

rFire   . .          .
                       - Unarmed
rCold   . . .        (no shield)
rNeg    . . .        (helmet currently unavailable)
rPois   .            (no amulet)
rElec   .            (no ring)
rCorr   .            (no ring)
SInv    .            (no ring)
Will    .....        (no ring)
Stlth   ++++         (no ring)
HPRegen 0.27/turn    (no ring)
MPRegen 0.10/turn    (no ring)
                     (no ring)

%: no passive effects
@: beast-form, gold aura
A: beast (slay +2), almost no armour, amphibious, 8 rings, camouflage 1,
gelatinous body 1, (nimble swimmer 1), tentacles
a: Begin Untransformation, Renounce Religion, Potion Petition, Call Merchant,
Bribe Branch


You were on level 5 of the Dungeon.
You worshipped Gozag.
Gozag was aware of your devotion.
You were a hulking beast.
You visited 1 branch of the dungeon, and saw 5 of its levels.

You collected 333 gold pieces.
You paid 38 gold pieces to Gozag.

Inventory:

Hand Weapons
 f - a +4 dagger of speed
Missiles
 q - 6 boomerangs (quivered)
Talismans
 b - a beast talisman
 c - a flux talisman
 i - a beast talisman
Scrolls
 e - a scroll of teleportation
 h - a scroll of poison {unknown}
 j - 4 scrolls of identify
 l - a scroll of immolation {unknown}
 r - a scroll of vulnerability {unknown}
 t - a scroll of amnesia {unknown}
 v - a scroll of fog {unknown}
 w - 2 scrolls of fear
Potions
 d - a potion of heal wounds {unknown}
 k - 2 potions of might {unknown}
 m - a potion of attraction {unknown}
 n - 4 potions of degeneration
 o - 2 potions of enlightenment {unknown}
 p - a potion of curing
 s - a potion of brilliance {unknown}
 u - a potion of mutation {unknown}


   Skills:
 - Level 1.0 Fighting
 - Level 2.0 Dodging
 + Level 5.2 Stealth
 + Level 5.1 Unarmed Combat
 + Level 4.8 Shapeshifting


You had 6 spell levels left.
You didn't know any spells.
Your spell library contained the following spells:

 Spells                   Type           Power      Damage    Failure   Level
 Magic Dart               Conj           0%         1d3       36%         1
 Necrotise                Necr           0%         1d4       36%         1
 Slow                     Hex            0%         N/A       36%         1
 Jinxbite                 Hex            0%         N/A       50%         2
 Searing Ray              Conj           0%         2d4       50%         2
 Confusing Touch          Hex            0%         N/A       75%         3
 Fugue of the Fallen      Necr           0%         N/A       75%         3
 Inner Flame              Hex/Fire       0%         N/A       75%         3
 Ozocubu's Armour         Ice            0%         N/A       75%         3
 Sigil of Binding         Hex            0%         N/A       75%         3
 Vampiric Draining        Necr           0%         2d6       75%         3
 Fulminant Prism          Conj/Alch      0%         3d5       98%         4
 Manifold Assault         Tloc           0%         N/A       98%         4
 Martyr's Knell           Necr/Summ      0%         N/A       98%         4
 Curse of Agony           Necr           0%         N/A       100%        5
 Irradiate                Conj/Alch      0%         3d11      100%        5
 Yara's Violent Unravell  Hex/Alch       0%         3d3       100%        5
 Enfeeble                 Hex            0%         N/A       100%        7
 Ignition                 Fire           0%         3d3       100%        8


Dungeon Overview and Level Annotations

Branches:
Dungeon (5/15)             Temple (0/1) D:4

Altars:
Ashenzari
Dithmenos
Gozag
Sif Muna
Xom

Shops:
D:2 [

Annotations:
D:5 Sigmund


Innate Abilities, Weirdness & Mutations

You are a hulking beast.
Your limbs bulge with bestial killing power. (Slay +2)
You cannot wear most types of armour.
You are amphibious.
You can wear up to eight rings at the same time.
Your skin changes colour to match your surroundings (Stealth+).
Your rubbery body absorbs attacks. (AC +1, EV +1)
((You are camouflaged when in or above water. (Stealth+)))
You have tentacles for arms and can constrict up to eight enemies at once.


Message History

Throw: dart (curare)
Press: ? - help, Q - select action, (/) - cycle Shift-Dir - straight line, f - quokka
Aim: a quokka (46% to hit)
You throw a curare-tipped dart.
The curare-tipped dart barely misses the quokka.
Throw: 6 boomerangs
Press: ? - help, Q - select action, (/) - cycle Shift-Dir - straight line, p - quokka You throw a boomerang.
The boomerang barely misses the quokka.
Throw: 6 boomerangs
Press: ? - help, Q - select action, (/) - cycle Shift-Dir - straight line, f - quokka
Aim: a quokka (46% to hit)
You throw a boomerang.
The boomerang closely misses the quokka.
As you read the scroll labelled PILETI OFUHE, it crumbles to dust.
It is a scroll of identify.
e - a scroll of teleportation You barely miss the quokka.
Your grab misses the quokka. Your squeeze misses the quokka.
The quokka barely misses you.
You barely miss the quokka. You grab the quokka.
You constrict the quokka, but do no damage.
The quokka closely misses you.
You tentacle-slap the quokka but do no damage.
You constrict the quokka. The quokka barely misses you.
You tentacle-slap the quokka.
You kill the quokka!
Throw: 6 boomerangs
Press: ? - help, Q - select action, (/) - cycle Shift-Dir - straight line
Okay, then.
Something hits you!
You tentacle-slap something. Your squeeze misses something. You miss something.
Your tentacle-slap misses something.
Your squeeze misses something. You closely miss something. Something hits you.
The gnoll sergeant hits you from afar with a +0 spear.
Something hits you!
You see here 6 gold pieces.
The gnoll sergeant attacks as it pursues you!
The gnoll sergeant hits you from afar with a +0 spear!
You die...
Your body crumbles into a pile of gold.

..............
..........g.#
#......g.(.#
#........##
##........##
#..........#
#........g.#
#.........$#
#.........h#
#..........#
##........##
##......##
########


You could see a gnoll sergeant and 2 gnolls.

Vanquished Creatures
  A scorpion (D:4)
  2 bombardier beetles (D:3)
  An orc priest (D:4)
  A jelly (D:4)
  A sleepcap (D:4)
  An iguana (D:4)
  2 orc wizards (D:4)
  5 gnolls
  4 adders
  3 dart slugs
  3 ribbon worms
  3 orcs
  4 bats
  5 endoplasms
  4 giant cockroaches
  8 goblins
  8 hobgoblins
  5 kobolds
  4 quokkas
  4 ball pythons
  A frilled lizard (D:3)
  9 rats
79 creatures vanquished.

Notes
Turn   | Place    | Note
-------+----------+-------------------------------------------
     0 | D:1      | bearlyready the Octopode Shapeshifter began the quest for
                  | the Orb.
     0 | D:1      | Reached XP level 1. HP: 13/13 MP: 1/1
   120 | D:1      | Reached XP level 2. HP: 12/18 MP: 2/2
   476 | D:1      | Reached XP level 3. HP: 23/23 MP: 3/3
   880 | D:2      | Reached skill level 1 in Stealth
   987 | D:2      | Found a shimmering altar of Xom.
  1038 | D:2      | Found Nebbasem's Antique Armour Shop.
  1146 | D:2      | Reached XP level 4. HP: 28/28 MP: 4/4
  1226 | D:2      | Identified the +1 robe of Distant Shores {Str+4 Dex+4}
  1398 | D:3      | Reached XP level 5. HP: 27/33 MP: 5/5
  1500 | D:3      | Found a broken altar of Ashenzari.
  1500 | D:3      | Found a shadowy altar of Dithmenos.
  1501 | D:3      | Found a shimmering altar of Xom.
  1876 | D:3      | Found an opulent altar of Gozag.
  1905 | D:3      | Became a worshipper of Gozag Ym Sagoz the Greedy
  2338 | D:4      | Reached XP level 6. HP: 5/38 MP: 6/6
  2789 | D:4      | Found a shimmering blue altar of Sif Muna.
  3092 | D:4      | Reached skill level 5 in Unarmed Combat
  3097 | D:4      | Reached skill level 5 in Stealth
  3390 | D:4      | Found a staircase to the Ecumenical Temple.
  3471 | D:5      | Entered Level 5 of the Dungeon
  3482 | D:4      | Reached XP level 7. HP: 12/43 MP: 7/7
  3603 | D:5      | Noticed Sigmund
  3627 | D:5      | Slain by a gnoll sergeant

Illustrated notes

Levels and vault maps discovered:
D:1:      ebering_trefoil_3fold, layout_basic, reono_crystal_passage,
          nrook_mini_vaults
D:2:      minmay_wonky_spiral, layout_loops_ring, basic_altar, serial_shops,
          shop
D:3:      layout_basic, amcnicky_altar_gilded, gammafunk_temple_overflow_claw
D:4:      layout_cave_pods, lemuel_blue_sif_altar,
          minmay_temple_entry_drinking_statues, minmay_fountain_box,
          nicolae_titane
D:5:      layout_rooms, uniq_sigmund

Skill      XL: |  1  2  3  4  5  6 |
---------------+-------------------+-----
Stealth        | 1 3 4 5 |  5.2
Unarmed Combat | 4 5 |  5.1
Shapeshifting  | 4 |  4.8
Fighting       | |  1.0
Dodging        | |  2.0

Action                     |  1- 3 |  4- 6 |  7- 9 || total
---------------------------+-------+-------+-------++-------
  Melee: Unarmed           |    51 |    86 |     7 ||   144
         Constrict         |    15 |    24 |     1 ||    40
         Tentacles         |    10 |    19 |       ||    29
         Punch             |     1 |     2 |       ||     3
  Throw: Boomerang         |       |    13 |     3 ||    16
         Dart              |       |     1 |     2 ||     3
    Use: Potion            |       |     4 |       ||     4
         Scroll            |       |     1 |     1 ||     2
   Stab: Sleeping          |     9 |    10 |       ||    19
         Distracted        |       |     1 |       ||     1
 Armour: Skin              |    18 |    49 |     5 ||    72
  Dodge: Dodged            |    17 |    42 |     3 ||    62
